 Dungeon Crawl Stone Soup version 0.31-a0-267-g3fc6992b3b (webtiles) character file.

Game seed: 17427164708587355319

287 Maxis911 the Cudgeller (level 6, -3/41 HPs)
             Began as a Meteoran Cinder Acolyte on July 14, 2023.
             Was a High Priest of Ignis.
             Splashed by a jelly's acid (9 damage)
             ... on level 4 of the Dungeon.
             The game lasted 00:33:30 (2396 turns).

Maxis911 the Cudgeller (Meteoran Cinder Acolyte)    Turns: 2396, Time: 00:33:30

Health: -3/41      AC: -17   Str: 15    XL:     6   Next: 87%
Magic:  9/9        EV: 13    Int: 18    God:    Ignis [*****.]
Gold:   111        SH:  0    Dex: 13    Spells: 5/7 levels left

rFire   + . .        a - -1 mace (flame)
rCold   . . .        (no shield)
rNeg    + . .        b - +0 robe
rPois   .            d - +1 hat {Int+3}
rElec   .            (no cloak)
rCorr   .            (no gloves)
SInv    .            (no boots)
Will    +....        (no amulet)
Stlth   +            q - ring of willpower
HPRegen 0.26/turn    s - ring of positive energy
MPRegen 0.11/turn

%: no passive effects
@: corroded, glowing
A: sense surroundings 1, otherworldly, glowing, explore regen
a: Renounce Religion, Fiery Armour, Foxfire Swarm, Rising Flame


You were on level 4 of the Dungeon.
You worshipped Ignis.
Ignis was extremely pleased with you.
You visited 1 branch of the dungeon, and saw 4 of its levels.

You collected 111 gold pieces.

Inventory:

Hand Weapons
 a - a -1 mace of flaming (weapon)
Armour
 b - a +0 robe (worn)
 d - a +1 hat of intelligence (worn)
 u - an orb of energy
Magical Staves
 e - a staff of fire
 j - a staff of death
Jewellery
 q - a ring of willpower (left hand)
 s - a ring of positive energy (right hand)
Scrolls
 f - 2 scrolls of vulnerability
 h - 2 scrolls of identify
 i - 2 scrolls of blinking {unknown}
 n - a scroll of poison {unknown}
 o - 2 scrolls of revelation
 p - a scroll of fear {unknown}
 r - a scroll of enchant armour {unknown}
 t - a scroll of teleportation {unknown}
 v - a scroll of fog {unknown}
Potions
 c - a potion of might {unknown}
 g - a potion of ambrosia {unknown}
 k - 2 potions of curing
 l - a potion of attraction {unknown}
 m - a potion of lignification


   Skills:
 + Level 4.4 Fighting
 + Level 5.9(6.2) Maces & Flails
 - Level 2.4(4.2) Staves
 + Level 3.5 Dodging
 + Level 1.4 Spellcasting
 + Level 4.1 Fire Magic


You had 5 spell levels left.
You knew the following spells:

 Your Spells              Type           Power      Damage    Failure   Level
a - Scorch                Fire           32%        2d6       5%          2

Your spell library contained the following spells:

 Spells                   Type           Power      Damage    Failure   Level
 Apportation              Tloc           2%         N/A       19%         1
 Necrotise                Necr           4%         1d4       19%         1
 Summon Small Mammal      Summ           4%         N/A       19%         1
 Call Canine Familiar     Summ           1%         N/A       50%         3
 Summon Guardian Golem    Hex/Summ       1%         N/A       50%         3
 Summon Ice Beast         Ice/Summ       1%         N/A       88%         4
 Summon Mana Viper        Hex/Summ       1%         N/A       99%         5
 Monstrous Menagerie      Summ           0%         N/A       100%        7


Dungeon Overview and Level Annotations

Branches:
Dungeon (4/15) Zot: 186
 Temple: D:4-7

Altars:
Hepliaklqana
Qazlal

Annotations:
D:4 3 runed translucent doors, Morbidden's ghost, amateur NaSh


Innate Abilities, Weirdness & Mutations

You passively map a small area around you.
You are easily found by Zot.
You glow in the dark.
You regain HP and MP as you explore.


Message History

Unknown command.
Unknown command.
You hit the jelly. You burn the jelly.
Your hands burn!
The jelly is heavily wounded.
The jelly hits you but does no damage.
You hit the jelly. You burn the jelly. The acid corrodes you!
Your hands burn!
The jelly is severely wounded.
The jelly hits you. The acid corrodes you!
You are splashed with acid!
The jelly misses you.
You hit the jelly. You burn the jelly. The acid corrodes you!
Your hands burn!
The jelly is almost dead.
A giant cockroach comes into view.
The jelly closely misses you.
You hit the jelly but do no damage. The acid corrodes you!
Your hands burn!
The jelly is almost dead.
The jelly closely misses you.
You hit the jelly but do no damage.
Your hands burn!
The jelly is almost dead.
The jelly barely misses you.
You hit the jelly but do no damage.
Your hands burn!
The jelly is almost dead.
The jelly barely misses you.
You hit the jelly but do no damage.
Your hands burn!
The jelly is almost dead.
The jelly hits you. The acid corrodes you!
You are splashed with acid!
* * * LOW HITPOINT WARNING * * *
You hit the jelly but do no damage.
Your hands burn!
* * * LOW HITPOINT WARNING * * *
The jelly is almost dead.
The jelly closely misses you.
You hit the jelly but do no damage.
Your hands burn!
* * * LOW HITPOINT WARNING * * *
The jelly is almost dead.
The jelly barely misses you.
You barely miss the jelly.
The jelly is almost dead.
The jelly hits you.
* * * LOW HITPOINT WARNING * * *
The acid corrodes you!
You are splashed with acid!
You die...

*, .#* #.......## *
* *.# ##.....## *,
##.# ##...## ##..#
##'## ... #.# *#)#
###.##### #B#
#.......##
#J########.........
#.@............#.#
##########....## #
#.#..##.# #.......#
#########


You could see a jelly and a giant cockroach.

Vanquished Creatures
  A black bear (D:4)
  A phantom (D:4)
  A scorpion (D:4)
  An ufetubus (D:3)
  A worm (D:4)
  A dart slug (D:1)
  3 orcs (D:4)
  3 ball pythons
  2 endoplasms
  4 giant cockroaches
  2 goblins
  4 hobgoblins
  2 jackals (D:1)
  5 kobolds
  3 quokkas
  4 bats
  2 frilled lizards (D:1)
  6 rats
46 creatures vanquished.

Notes
Turn   | Place    | Note
-------+----------+-------------------------------------------
     0 | D:1      | Maxis911 the Meteoran Cinder Acolyte began the quest for
                  | the Orb.
     0 | D:1      | Reached XP level 1. HP: 19/19 MP: 3/3
   111 | D:1      | Reached XP level 2. HP: 26/26 MP: 5/5
   393 | D:1      | Reached XP level 3. HP: 31/31 MP: 6/6
   494 | D:1      | Glimpsed the power of Zot.
   543 | D:1      | Glimpsed the power of Zot.
  1092 | D:2      | Glimpsed the power of Zot.
  1142 | D:2      | Glimpsed the power of Zot.
  1212 | D:3      | Reached skill level 1 in Staves
  1361 | D:3      | Found a hazy altar of Hepliaklqana.
  1361 | D:3      | Found a stormy altar of Qazlal.
  1568 | D:4      | Reached XP level 4. HP: 32/40 MP: 7/7
  1689 | D:4      | Noticed a black bear
  1722 | D:4      | Killed a black bear
  1723 | D:4      | Reached skill level 5 in Maces & Flails
  1723 | D:4      | Reached XP level 5. HP: 18/46 MP: 8/8
  1834 | D:4      | Noticed a phantom
  1914 | D:4      | Noticed a phantom
  1975 | D:4      | Reached XP level 6. HP: 7/53 MP: 9/9
  2021 | D:4      | Learned a level 2 spell: Scorch
  2246 | D:4      | Found a runed translucent gate.
  2246 | D:4      | Found a runed translucent gate.
  2246 | D:4      | Found a runed translucent gate.
  2249 | D:4      | Noticed Morbidden's ghost (amateur NaSh)
  2284 | D:4      | Glimpsed the power of Zot.
  2333 | D:4      | Glimpsed the power of Zot.
  2373 | D:4      | Glimpsed the power of Zot.
  2383 | D:4      | Touched by the power of Zot (MHP 53 -> 42)
  2396 | D:4      | Splashed by a jelly's acid

Illustrated notes

Levels and vault maps discovered:
D:1:      minmay_arrival_wavy_path, layout_loops_ring
D:2:      layout_loops_ring
D:3:      layout_rooms, gammafunk_temple_overflow_elements
D:4:      layout_loops_corners, gammafunk_ghost_necromancy

Skill      XL: |  1  2  3  4  5 |
---------------+----------------+-----
Fire Magic     | 4 |  4.1
Staves         | 1 2 |  2.4
Fighting       | 4 |  4.4
Maces & Flails | 5 |  5.9
Dodging        | 2 3 |  3.5
Spellcasting   | |  1.4

Action                     |  1- 3 |  4- 6 || total
---------------------------+-------+-------++-------
  Melee: Mace              |    27 |    81 ||   108
         Staff             |    84 |       ||    84
   Cast: Scorch            |       |     1 ||     1
    Use: Scroll            |     3 |     1 ||     4
         Potion            |       |     1 ||     1
 Armour: Robe              |    41 |    15 ||    56
         Skin              |       |    55 ||    55
  Dodge: Dodged            |    39 |    44 ||    83

Table legend: (Time is in decaauts)
 A = Elapsed time spent in this place.
 B = Non-inter-level travel time spent in this place.
 C = Inter-level travel time spent in this place.
 D = Time resting spent in this place.
 E = Time spent auto-exploring this place.
 F = Levels seen in this place.
 G = Mean time per level.
                   A        B        C        D        E       F      G
               +--------+--------+--------+--------+--------+-----+--------+
         Total |   2413 |   1255 |   1158 |      0 |    615 |   4 |  603.2 |
       Dungeon |   2413 |   1255 |   1158 |      0 |    615 |   4 |  603.2 |
               +--------+--------+--------+--------+--------+-----+--------+

Top non-repeatable levels by time:
     D:4: 778 daAuts
     D:1: 588 daAuts
     D:2: 571 daAuts
     D:3: 475 daAuts
